Map: Orbital Shipyard

Players

LilDicky - Winner!

  • Race: Terran Terran
  • League: Diamond

Legobuilder

  • Race: Zerg Zerg
  • League: Diamond

VOD

http://www.twitch.tv/tumescentpie

Description

Time

  • Played on: Jan. 2, 2016, 4 p.m.
  • Length: 11:40
Show
View Real Time Build Order
Export as new Build Order

LilDicky Terran - Winner!

Build Orders: Command Center First (CC), MMM Bio 

Get SALT Encoding   

  12  0:01  SCV  
  13  0:15  SCV  
  13  0:18  Supply Depot  
  14  0:27  SCV  
  15  0:39  SCV  
  16  0:53  SCV  
  17  1:02  Command Center  
  17  1:05  SCV  
  18  1:17  Barracks  
  19  1:18  SCV  
  19  1:30  SCV  
  20  1:42  SCV  
  21  2:00  Command Center  
  21  2:04  SCV, Marine  
  21  2:06  Supply Depot  
  23  2:14  Orbital Command  
  23  2:22  Orbital Command  
  23  2:24  Marine  
  24  2:41  SCV  
  25  2:49  Marine  
  26  2:52  Barracks  
  26  2:53  SCV, Refinery, Barracks  
  27  2:59  SCV, Refinery  
  28  3:13  Orbital Command  
  28  3:19  SCV  
  29  3:23  SCV  
  31  3:29  Barracks Tech Lab  
  31  3:33  SCV  
  31  3:38  SCV  
  31  3:39  Refinery  
  32  3:49  Stimpack, Marine  
  32  3:50  Marine x2  
  32  3:53  SCV x2  
  32  3:54  SCV, Barracks  
  38  3:56  Barracks  
  38  4:08  Barracks Reactor  
  38  4:09  SCV, Barracks Tech Lab, Marine  
  41  4:10  SCV x2  
  42  4:22  SCV x2, Supply Depot  
  44  4:26  Engineering Bay  
  44  4:27  Combat Shields, Marine  
  44  4:28  Marine  
  44  4:30  SCV  
  47  4:35  SCV  
  47  4:37  Factory  
  48  4:40  SCV  
  48  4:44  Marine  
  50  4:46  Barracks Reactor, Orbital Command, Marine  
  50  4:47  Barracks Reactor  
  50  4:51  SCV, Marine  
  50  4:52  Marine  
  54  4:53  SCV  
  55  5:02  Marine  
  56  5:10  Marine x3  
  56  5:13  SCV x2  
  61  5:18  Terran Infantry Weapons Level 1  
  61  5:20  Engineering Bay, Barracks x2  
  62  5:21  SCV  
  62  5:22  Barracks  
  62  5:24  Marine x3  
  62  5:25  SCV x2, Marauder  
  62  5:27  Factory Reactor  
  69  5:29  Marauder  
  69  5:32  Starport, Marine  
  69  5:33  SCV  
  69  5:34  Marine x2  
  75  5:40  SCV  
  75  5:41  SCV  
  77  5:48  Supply Depot  
  77  5:50  Supply Depot, Concussive Shells  
  77  5:57  Supply Depot  
  77  5:58  Terran Infantry Armor Level 1  
  77  6:08  Barracks Reactor  
  77  6:09  Supply Depot, SCV x2, Marine x5  
  77  6:10  Barracks Tech Lab  
  84  6:11  Barracks Tech Lab  
  84  6:14  Supply Depot  
  84  6:20  SCV, Marine  
  84  6:21  SCV, Marine x2  
  84  6:24  Medivac x2  
  93  6:26  SCV  
  93  6:27  Marauder  
  93  6:28  Marine  
  98  6:32  SCV  
  98  6:33  Marine x2  
  98  6:34  Armory  
  98  6:38  SCV  
  98  6:39  SCV, Marauder  
  104  6:44  Supply Depot, Marine x2  
  104  6:45  Supply Depot  
  104  6:46  Marauder  
  108  6:50  Marauder x2  
  108  6:51  Marine  
  108  6:52  Marine  
  108  6:53  Marine  
  115  6:54  SCV  
  116  7:03  Refinery  
  116  7:05  Medivac  
  116  7:06  SCV  
  116  7:07  Supply Depot  
  119  7:12  Supply Depot  
  119  7:14  Supply Depot, Marine  
  119  7:15  Supply Depot, Marauder x3, Marine  
  127  7:16  Marine x2  
  127  7:17  Marine  
  127  7:18  Marine  
  131  7:25  SCV x3, Refinery  
  131  7:26  Marine x2  
  131  7:27  Medivac  
  131  7:29  Marine  
  139  7:32  Supply Depot, Marine  
  139  7:34  Supply Depot, Marine  
  141  7:42  Marine x2  
  141  7:43  Terran Infantry Weapons Level 2  
  143  7:52  Marine  
  143  7:53  Marauder, Marine  
  147  7:59  Marine x3  
  147  8:00  Marauder x2  
  147  8:01  Medivac  
  156  8:08  Refinery  
  156  8:10  Command Center  
  156  8:12  Supply Depot  
  156  8:13  Terran Infantry Armor Level 2  
  156  8:19  Marine x2  
  160  8:20  Marauder x2, Marine x3  
  162  8:33  Supply Depot  
  160  8:37  Marine  
  160  8:38  Medivac x2  
  160  8:39  Marine  
  166  8:43  Marine  
  166  8:44  Marauder x2, Marine  
  172  8:53  Command Center, Supply Depot  
  172  8:54  Marine x2  
  172  8:55  Marauder x2  
  178  8:59  Supply Depot  
  178  9:00  Marine x2  
  180  9:04  Missile Turret  
  180  9:05  Marine  
  180  9:06  Marauder x2, Marine  
  180  9:08  Marine  
  187  9:16  Marauder  
  189  9:31  Marine x2  
  185  9:32  Marauder x3  
  185  9:34  Medivac x2  
  193  9:44  Marine x2  
  192  9:54  Marine x2  
  192  9:55  Marine  
  192  9:56  Marauder, Marine  
  197  10:03  SCV x3  
  197  10:04  Medivac  
  177  10:19  Marine x2  
  177  10:20  Liberator x2, Marine x9  
  159  10:21  Marauder  
  155  10:37  SCV, Marine x2  
  164  10:50  Planetary Fortress  
Show
View Real Time Build Order
Export as new Build Order

Legobuilder Zerg 

Build Orders: Hatch First 

Get SALT Encoding   

  12  0:01  Drone  
  13  0:12  Overlord  
  13  0:18  Drone  
  14  0:31  Drone x2  
  14  0:35  Drone  
  17  0:55  Hatchery  
  17  0:57  Drone  
  17  1:01  Drone, Extractor  
  17  1:07  Drone  
  18  1:22  Spawning Pool  
  18  1:25  Drone  
  18  1:28  Drone  
  19  1:39  Overlord  
  19  1:53  Extractor  
  18  1:58  Drone  
  19  2:09  Metabolic Boost  
  19  2:10  Queen  
  19  2:11  Queen  
  23  2:27  Drone  
  24  2:34  Hatchery  
  23  2:37  Drone  
  23  2:38  Drone  
  23  2:41  Drone  
  26  2:44  Drone  
  27  2:54  Queen  
  27  2:57  Drone  
  30  3:03  Queen  
  32  3:08  Overlord  
  32  3:24  Drone, Spine Crawler  
  32  3:25  Drone x4  
  36  3:31  Drone  
  37  3:40  Roach Warren  
  36  3:42  Overlord x2  
  36  3:53  Drone  
  36  3:54  Drone x4  
  42  4:02  Drone  
  42  4:03  Drone x3  
  45  4:18  Lair  
  45  4:22  Drone  
  45  4:23  Drone x5, Extractor x2  
  49  4:34  Drone x2  
  49  4:35  Drone x5  
  56  4:47  Spore Crawler  
  55  4:54  Drone x2  
  55  4:55  Drone  
  55  4:58  Overlord x4  
  58  5:00  Extractor  
  57  5:18  Glial Reconstitution  
  57  5:22  Drone  
  57  5:23  Drone x9  
  67  5:37  Zergling x2  
  67  5:38  Zergling x6  
  71  5:53  Drone  
  71  5:54  Drone x6  
  78  5:57  Extractor x2  
  78  6:00  Evolution Chamber  
  78  6:01  Evolution Chamber  
  74  6:04  Infestation Pit  
  74  6:07  Drone x3  
  76  6:14  Drone x3  
  76  6:15  Drone  
  80  6:21  Overlord x2  
  80  6:22  Overlord  
  80  6:26  Drone x2  
  80  6:27  Spore Crawler x2  
  80  6:30  Spore Crawler  
  80  6:31  Spore Crawler  
  80  6:32  Zerg Ground Armor Level 1, Zerg Melee Weapons Level 1  
  78  6:33  Spore Crawler  
  78  6:36  Spore Crawler  
  78  6:37  Spore Crawler  
  75  6:42  Pathogen Glands  
  75  6:43  Hive  
  75  6:44  Baneling Nest  
  74  6:59  Drone x4  
  74  7:00  Drone  
  79  7:16  Swarm Host x3  
  79  7:21  Hatchery  
  87  7:45  Spine Crawler  
  87  7:46  Spine Crawler  
  87  7:47  Pneumatized Carapace  
  87  7:49  Burrow  
  85  7:59  Zergling x2  
  85  8:00  Zergling x40  
  85  8:05  Adrenal Glands  
  106  8:09  Ultralisk Cavern  
  105  8:28  Spore Crawler  
  105  8:30  Zerg Ground Armor Level 2, Zerg Melee Weapons Level 2  
  104  8:34  Drone  
  104  8:35  Drone x15  
  120  9:00  Centrifical Hooks  
  120  9:01  Chitinous Plating  
  120  9:03  Overlord x2  
  120  9:04  Overlord x5, Extractor  
  120  9:07  Extractor  
  118  9:24  Ultralisk  
  118  9:25  Ultralisk x6  
  141  9:39  Zergling x12  
  141  9:40  Zergling x10  
  142  9:53  Baneling x4  
  142  9:54  Baneling x11  
  86  10:14  Zergling x10  
  86  10:15  Zergling x4  
  76  10:45  Hatchery  
Tags
 
Add a new tag
Caveats
  • Supply blocks, unpowered buildings, or Contaminate may cause inaccurate times.
  • Supply counts are checked every 10 seconds.